 Dungeon Crawl Stone Soup version 0.18-a0-1418-ga86aa8f (webtiles) character file.

2704422 Motquri the Wrestler (level 27, 264/264 (266) HPs)
             Began as a Ghoul Monk on Feb 22, 2016.
             Was the Champion of Makhleb.
             Escaped with the Orb
             ... and 4 runes on Feb 26, 2016!
             The game lasted 04:28:07 (56356 turns).

Motquri the Wrestler (Ghoul Monk)                  Turns: 56356, Time: 04:28:07

HP:   264/264 (266) AC: 39    Str: 26      XL:     27
MP:   33/33         EV: 20    Int:  9      God:    Makhleb [******]
Gold: 329           SH: 27    Dex: 11 (12) Spells: 1 memorised, 25 levels left

rFire  + + .     SeeInvis +       - Unarmed
rCold  + + +     Gourm    .     y - +3 gold dragon armour
rNeg   + + +     Faith    .     E - +0 large shield
rPois  ∞         Spirit   .     o - +2 helmet {Int+3}
rElec  +         Dismiss  .     F - +2 cloak of Starlight {rElec rC+ EV+4 Stlth--}
rCorr  .         Reflect  +     e - +3 pair of gauntlets of War {Slay+5}
SustAt .         Harm     .     u - +0 pair of boots
MR     ++...                    g - +4 amulet of reflection
Stlth  ..........               x - ring of Eternity {+Blink rF+ SInv}
                                J - ring of Shaolin {EV+8}

@: rotting, studying Evocations, very resistant to hostile enchantments,
extremely unstealthy
A: rotting body, claws 1, carnivore 3, cold resistance 1, negative energy
resistance 3, slow regeneration 1, torment resistance, unbreathing
a: Minor Destruction, Lesser Servant of Makhleb, Major Destruction, Greater
Servant of Makhleb, Renounce Religion, Evoke Blink
0: Orb of Zot
}: 4/15 runes: serpentine, barnacled, silver, abyssal


You escaped.
You worshipped Makhleb.
Makhleb was exalted by your worship.
You were not hungry.

You visited 9 branches of the dungeon, and saw 49 of its levels.
You visited the Abyss 2 times.
You visited 1 ziggurat, and saw 9 of its levels.
You also visited: Labyrinth, Ossuary, Ice Cave and Wizlab.

You collected 6472 gold pieces.
You spent 6143 gold pieces at shops.

Inventory:

Armour
 e - the +3 pair of gauntlets of War (worn) {Slay+5}
   (You bought it in a shop on level 2 of the Orcish Mines)

   It affects your accuracy and damage with ranged weapons and melee attacks
   (+5).
 o - a +2 helmet of intelligence (worn)
 u - a +0 pair of boots (worn)
 y - a +3 gold dragon armour (worn)
 E - a +0 large shield (worn)
 F - the +2 cloak of Starlight (worn) {rElec rC+ EV+4 Stlth--}
   (You bought it in a shop on level 2 of the Orcish Mines)

   It affects your evasion (+4).
   It protects you from cold.
   It insulates you from electricity.
   It makes you much less stealthy.
 G - the +0 pair of gloves of Freedom {rF+ Str+3 Int+3 Dex-3}
   (You found it on level 6 of the Lair of Beasts)

   It affects your strength (+3).
   It affects your intelligence (+3).
   It affects your dexterity (-3).
   It protects you from fire.
Jewellery
 f - an uncursed ring of protection from magic
 g - a +4 amulet of reflection (around neck)
 k - an uncursed ring of resist corrosion
 m - an uncursed ring of sustain attributes
 x - the ring of Eternity (right hand) {+Blink rF+ SInv}
   (You bought it in a shop on level 2 of the Orcish Mines)

   [ring of see invisible]

   It protects you from fire.
   It lets you see invisible.
   It lets you blink.
 B - an uncursed ring of flight
 J - the ring of Shaolin (left hand) {EV+8}
   (You bought it in a shop on level 2 of the Orcish Mines)

   [ring of evasion]

   It affects your evasion (+8).
 K - the amulet of Cheibriados's Envy {Dismiss rC+}
   (You found it on level 4 of the Snake Pit)

   [amulet of dismissal]

   It may teleport away creatures that harm you.
   It protects you from cold.
 M - an uncursed amulet of dismissal {unknown}
 V - an uncursed ring of protection from cold
Wands
 i - a wand of heal wounds (4/9)
 z - a wand of digging (6/24)
 W - a wand of teleportation (3/9)
 Y - a wand of heal wounds (2/9)
Scrolls
 h - a scroll of silence
 l - 10 scrolls of fog
 n - 3 scrolls of summoning
 q - a scroll of immolation
 s - 18 scrolls of remove curse
 t - a scroll of torment
 v - 5 scrolls of magic mapping
 D - 11 scrolls of enchant weapon
 I - 8 scrolls of recharging
 L - 2 scrolls of blinking
 T - 2 scrolls of fear
 Z - 6 scrolls of identify
Potions
 a - 3 potions of magic
 d - 3 potions of heal wounds
 p - 4 potions of resistance
 r - 25 potions of curing
 A - 2 potions of cancellation
 O - 6 potions of flight
 P - 7 potions of might
 Q - 3 potions of brilliance
 S - 2 potions of agility
 X - 2 potions of invisibility
Books
 c - a manual of Evocations
Miscellaneous
 C - a sack of spiders
Comestibles
 b - 21 meat rations
 j - 9 beef jerkies
 H - a royal jelly


   Skills:
 - Level 25.1 Fighting
 - Level 18.0 Armour
 - Level 9.0 Dodging
 - Level 2.1 Stealth
 * Level 19.9 Shields
 - Level 26.2 Unarmed Combat
 - Level 15.1 Invocations
 - Level 6.7 Evocations


You had 25 spell levels left.
You knew the following spells:

 Your Spells              Type           Power        Failure   Level  Hunger
a - Summon Butterflies    Summ           #.......     100%        1    ##.....


Dungeon Overview and Level Annotations

Branches:
Dungeon (15/15)            Temple (1/1) D:5            Lair (8/8) D:8
 Shoals (4/4) Lair:3        Snake (4/4) Lair:5        Slime (0/6) Lair:7
    Orc (2/2) D:12            Elf (0/3) Orc:2        Vaults (5/5) D:14
  Crypt (0/3) Vaults:2     Depths (5/5) D:15            Zot (5/5) Depths:5

Altars:
Ashenzari
Cheibriados
Dithmenos
Elyvilon
Fedhas
Gozag
Kikubaaqudgha
Makhleb
Nemelex Xobeh
Okawaru
Pakellas
Qazlal
Ru
Sif Muna
Trog
Vehumet
Xom
Yredelemnul
Zin
The Shining One
Jiyva

Shops:
D:12 :   D:15 *   Orc:2 ([=*   Shoals:1 ?   Shoals:3 (   Shoals:4 %
Snake:3 }([(   Vaults:3 :   Depths:1 [

Portals:
Hell: Depths:1 Depths:2 Depths:3 Depths:4
Abyss: Depths:3 Depths:4
Pandemonium: Depths:2 Depths:4
Trove: D:15 (give 20 scrolls of identify)

Annotations:
D:4 Eustachio
Lair:2 exclusion: downstairs
Lair:3 Rupert
Lair:8 Snorg
Shoals:3 Mara
Snake:3 Asterion, Norris
Depths:3 5 runed doors, the Enchantress


Innate Abilities, Weirdness & Mutations

Your body is rotting away.
You thrive on raw meat.
You are immune to poison.
You have sharp fingernails.
You are carnivorous and can eat meat at any time.
Your flesh is cold resistant.
You are immune to negative energy.
You regenerate slowly when monsters are visible.
You are immune to unholy pain and torment.
You can survive without breathing.


Message History

Evoke which item? (* to show all) (? for menu, Esc to quit)
Zapping:
z - a wand of digging {zapped: 2} (will waste charges)
Press: ? - help, Shift-Dir - straight line The rock shatters into small pieces.
Evoking this partially-identified wand wasted a few charges.
You block the ufetubus's attack.
The ufetubus hits you but does no damage.
You block the ufetubus's attack. x2
A lorocyproca comes into view.
You block the ufetubus's attack. The ufetubus barely misses you.
You block the ufetubus's attack. The ufetubus completely misses you.
You block the ufetubus's attack. The ufetubus completely misses you.
You block the ufetubus's attack. x2
There is an open door here.
You block the ufetubus's attack. x2
You block the ufetubus's attack. x2
There is a staircase leading out of the dungeon here.
You can't go down here!
You block the ufetubus's attack. The ufetubus completely misses you.
You have escaped!

#......# #.##### #.#..)...
#.###..#####.#...########.#####.#
#..#.............)......#.#......
...#.#..................#.#.###.#
#........###.############.#.# #.#
#....#.......############.#.# #.#
#....#...###.##........##.#.# #.#
#....#...# #.##........##.#.# #..
#....#...# #.##.@......##.#.# ###
#....#...###.##..5.....##.#.#
#....###..##.##...1....##.#.#
.............######'#####.#.#
##....###..#.######.#####.#.#
......# ##.#.#..........#.#.#
#####.# #.#.#.8..≈≈≈≈..#.#.#
......# #.#.#..........#.#.#####
.###### #...2#########.#.#......


You could see an Ice Fiend and an ufetubus.

Vanquished Creatures
  9 ancient liches
  5 orbs of fire (Zot:5)
  2 pandemonium lords
  5 Killer Klowns
  A curse toe (Zot:5)
  A caustic shrike (Depths:4)
  Nikola (Shoals:1)
  5 golden dragons
  A bone dragon (Depths:5)
  2 electric golems (Zot:5)
  A tentacled monstrosity (Vaults:5)
  21 Orb Guardians (Zot:5)
  A quicksilver dragon (Vaults:5)
  5 liches
  2 titans (Vaults:5)
  The ghost of Tomstefer the Tortoise, an adept MiGl of Okawaru (Shoals:4)
  2 death cobs
  7 sphinxes
  A kraken (Shoals:4)
  2 Executioners (Zot:4)
  2 eldritch tentacles (Zot:5)
  3 shadow dragons
  8 tengu reavers
  Frances (Snake:1)
  5 tentacled starspawn (Abyss:3)
  Kirke (Lair:5)
  5 draconian monks
  13 greater nagas
  3 storm dragons
  14 fire giants
  Donald (Vaults:1)
  2 orc warlords
  2 draconian scorchers
  12 vault wardens
  4 deep elf sorcerers (Vaults:5)
  Maud (Orc:2)
  9 frost giants
  An iron dragon (Vaults:5)
  2 draconian knights (Zot:3)
  Louise (Shoals:2)
  A ghost moth (Abyss:3)
  A cacodemon (Depths:1)
  3 draconian zealots
  A draconian annihilator (Zot:5)
  A war gargoyle (Vaults:5)
  2 deep elf elementalists (Vaults:5)
  15 very ugly things
  A draconian shifter (Zot:3)
  19 stone giants
  2 reapers
  3 spriggan defenders
  A draconian caller (Depths:5)
  2 black draconians (Depths:5)
  23 ironheart preservers
  3 salamander stormcallers
  A green draconian (Zot:5)
  5 purple draconians
  6 red draconians
  Azrael (Orc:1)
  6 spark wasps
  3 yellow draconians
  7 mottled draconians
  4 white draconians
  16 ettins
  27 vault guards
  A green death (WizLab)
  4 merfolk impalers
  A jiangshi (Vaults:2)
  6 merfolk javelineers
  A blizzard demon (WizLab)
  Erolcha (D:12)
  3 deep elf high priests (Vaults:5)
  An entropy weaver (shapeshifter) (Vaults:5)
  The ghost of Dirian the Severer, a journeyman MiFi of Qazlal (D:11)
  18 fire dragons
  7 great orbs of eyes
  9 naga warriors
  2 entropy weavers
  7 hydras
  An ice dragon (shapeshifter) (Vaults:5)
  7 rakshasas
  15 yaktaur captains
  8 ice dragons
  5 spriggan air magi
  10 centaur warriors
  4 merfolk avatars
  A ghost crab (shapeshifter) (Vaults:5)
  A catoblepas (Depths:4)
  2 hell beasts (WizLab)
  A satyr (Shoals:2)
  3 death knights
  3 merfolk aquamancers
  3 death yaks
  20 anacondas
  2 dancing weapons
  10 deep troll shamans
  17 ogre magi
  11 deep troll earth magi
  2 vampire magi (Depths:3)
  3 tengu warriors
  2 naga sharpshooters
  11 thrashing horrors
  3 orc high priests (Orc:2)
  4 spriggan berserkers
  A shock serpent (shapeshifter) (Vaults:5)
  7 deep elf knights
  13 hell knights
  4 sun demons
  6 shock serpents
  3 wretched stars (Abyss:3)
  2 shadow wraiths
  A titan skeleton (Abyss:3)
  A storm dragon zombie (Vaults:2)
  2 soul eaters
  2 salamander mystics
  A fire crab (Vaults:2)
  A cherub (Zot:5)
  29 deep trolls
  10 unseen horrors
  A shadow demon (Zig:4)
  13 sea snakes
  A gelid demonspawn (Depths:4)
  2 flayed ghosts
  A hill giant (shapeshifter) (Depths:4)
  A deep troll (shapeshifter) (Vaults:5)
  5 naga ritualists
  10 hill giants
  A sea snake (shapeshifter) (D:13)
  5 giant orange brains
  4 necromancers
  A lindwurm (Depths:4)
  34 harpies
  3 wizards
  A phantasmal warrior (Vaults:5)
  18 ironbrand convokers
  27 orc knights
  7 deep elf archers
  A harpy (shapeshifter) (Vaults:5)
  A wolf spider zombie (D:15)
  A wolf spider (shapeshifter) (Vaults:5)
  An orb spider (shapeshifter) (Depths:5)
  5 oklob plants
  An anaconda skeleton (Abyss:3)
  6 mana vipers
  6 wolf spiders
  9 salamanders
  20 deep elf magi
  2 hornets (Vaults:4)
  A water nymph (shapeshifter) (Vaults:2)
  8 orc sorcerers
  19 griffons
  35 ugly things
  26 fauns
  16 manticores
  A salamander (shapeshifter) (Depths:3)
  6 water nymphs
  11 sirens
  19 cyclopes
  The ghost of Ratboiler the Sneak, a novice NaWn of Ru (D:6)
  19 elephants
  34 black mambas
  5 moths of wrath
  3 ice statues (IceCv)
  A fire giant skeleton (Vaults:2)
  3 sixfirhies (Depths:2)
  19 naga magi
  13 guardian serpents
  2 rust devils (Depths:4)
  7 smoke demons
  A guardian serpent (shapeshifter) (D:13)
  10 spiny frogs
  Joseph (D:7)
  13 vault sentinels
  2 orange demons
  2 hellions (WizLab)
  A rime drake (shapeshifter) (Vaults:2)
  11 freezing wraiths
  A kobold demonologist (WizLab)
  2 komodo dragons
  4 ancient zymes
  A yaktaur (shapeshifter) (Depths:4)
  An efreet (Abyss:3)
  A yaktaur zombie (Vaults:2)
  2 rime drakes (Lair:7)
  2 guardian mummies (D:15)
  A tengu conjurer (D:15)
  4 tormentors
  34 yaktaurs
  3 spriggan druids
  A troll (shapeshifter) (Vaults:5)
  2 ice devils
  4 red devils
  10 trolls
  3 wind drakes
  A jumping spider (Depths:2)
  A harpy zombie (D:15)
  27 two-headed ogres
  21 merfolk
  A jumping spider (shapeshifter) (Vaults:3)
  3 polar bears (Lair:8)
  13 blink frogs
  8 boulder beetles
  A slime creature (shapeshifter) (Vaults:5)
  19 slime creatures
  8 snapping turtles
  2 raiju (Abyss:3)
  9 large abominations
  6 air elementals
  A yak (shapeshifter) (Depths:2)
  9 small abominations
  12 spriggans
  4 ynoxinuls
  A tarantella (shapeshifter) (Vaults:3)
  A vampire (D:14)
  The ghost of Ratboiler the Skirmisher, an amateur NaWn of Jiyva (Ossuary)
  A flying skull (Abyss:3)
  9 redbacks
  A redback (shapeshifter) (Depths:5)
  13 water elementals
  4 fire elementals
  Grum (D:8)
  9 humans (Zot:3)
  7 wraiths
  A hog (shapeshifter) (Vaults:2)
  2 hippogriffs (shapeshifter)
  A golden eye (Abyss:3)
  33 yaks
  9 hippogriffs
  3 hogs (Lair:5)
  4 basilisks
  2 basilisks (shapeshifter)
  5 chaos spawn
  A steam dragon (Lair:5)
  2 hungry ghosts
  2 human simulacra (Vaults:2)
  11 wargs
  25 wolves
  21 vampire mosquitoes
  A neqoxec (Abyss:3)
  2 insubstantial wisps (Lair:8)
  41 nagas
  A naga (shapeshifter) (Depths:2)
  A soldier ant (D:12)
  6 hell hounds
  13 water moccasins
  7 black bears
  11 porcupines
  A swamp drake (Lair:8)
  58 orc warriors
  An ice beast (shapeshifter) (Depths:5)
  3 ice beasts
  6 sky beasts
  5 wasps
  2 necrophages
  A phantom (D:9)
  16 starcursed masses
  20 centaurs
  50 ogres
  2 eyes of draining
  8 boggarts
  12 crocodiles
  A big kobold (D:7)
  19 giant frogs
  A human skeleton (Vaults:2)
  4 wyvern skeletons
  A water moccasin skeleton (D:10)
  13 scorpions
  9 wights
  2 lava snakes
  4 crimson imps
  3 centaur zombies
  4 quasits
  5 hounds
  4 jellies
  A human zombie (Ossuary)
  17 orc priests
  10 iguanas
  31 orc wizards
  4 centaur skeletons
  4 giant frog skeletons
  A lightning spire (Zig:6)
  5 hell rats (Lair:6)
  10 worker ants
  A killer bee zombie (D:10)
  34 sheep
  A hound zombie (D:5)
  6 mummies (Ossuary)
  A worker ant zombie (D:8)
  4 gnolls (D:5)
  24 adders
  An adder (shapeshifter) (Depths:2)
  76 river rats
  3 shadow imps
  17 white imps
  An ufetubus (Abyss:3)
  3 oozes
  2 adder skeletons
  5 worms
  2 dart slugs
  9 giant geckos
  99 orcs
  9 giant cockroaches
  9 goblins
  8 hobgoblins
  21 jackals
  3 quokkas
  A ball python (D:5)
  9 bats
  8 giant newts
  2 goblin zombies (Ossuary)
  A hobgoblin zombie (Ossuary)
  13 kobolds
  A kobold zombie (Ossuary)
  2 orc zombies (Ossuary)
  A quokka skeleton (D:5)
  A quokka zombie (D:6)
  2 rats (D:1)
  2 plants
  3 starspawn tentacles (Abyss:3)
  2 starspawn tentacle segments (Abyss:3)
  4 tentacles (Shoals:4)
2295 creatures vanquished.

Vanquished Creatures (collateral kills)
  A juggernaut (Depths:2)
  A Hellbinder (WizLab)
  A tengu reaver (Depths:2)
  Ilsuiw (Shoals:4)
  Aizul (Snake:1)
  A draconian shifter (Zig:6)
  2 ironheart preservers
  A draconian annihilator (Zig:6)
  2 very ugly things
  A purple draconian (Zig:6)
  A red draconian (Zot:5)
  A merfolk javelineer (Shoals:4)
  A blizzard demon (WizLab)
  A deep elf death mage (Vaults:5)
  A minotaur (Lab)
  3 merfolk impalers (Shoals:4)
  A great orb of eyes (Vaults:2)
  A hydra (D:13)
  A death knight (D:11)
  2 satyrs (Shoals:4)
  2 death yaks
  A shock serpent (Zig:8)
  3 naga sharpshooters
  A sea snake (Shoals:4)
  An unseen horror (Vaults:1)
  An orc knight (Vaults:1)
  A deep elf mage (Vaults:5)
  A griffon (Shoals:4)
  6 fauns
  2 ugly things (Vaults:2)
  A cyclops (Shoals:4)
  An elephant (shapeshifter) (Zig:7)
  3 guardian serpents (Zig:8)
  An elephant (Lair:6)
  3 sirens (Shoals:4)
  A rust devil (WizLab)
  2 vault sentinels (Zig:7)
  3 black mambas
  A naga mage (Zig:8)
  A kobold demonologist (WizLab)
  A freezing wraith (D:12)
  7 merfolk (Shoals:4)
  2 two-headed ogres (Vaults:5)
  A redback (shapeshifter) (Zig:7)
  A wraith (D:12)
  A hippogriff (Lair:8)
  2 yaks (D:12)
  A warg (Vaults:5)
  A water moccasin (Lair:1)
  A black bear (D:12)
  4 ice beasts (IceCv)
  An ogre (Vaults:5)
  A boggart (Vaults:2)
  A giant frog (D:11)
  A worker ant (D:12)
  6 sheep
  2 orcs
95 creatures vanquished.

Vanquished Creatures (others)
  A fire giant (Zig:5)
  3 draconian scorchers
  A stone giant (Vaults:4)
  A merfolk javelineer (Shoals:4)
  2 yaktaur captains (Vaults:5)
  An ice dragon (Zot:5)
  A hell beast (Zot:5)
  2 satyrs (Shoals:4)
  A deep elf knight (Vaults:5)
  An unseen horror (Abyss:3)
  2 deep elf archers
  2 fauns (Shoals:4)
  5 cyclopes
  A black mamba (Snake:1)
  7 yaktaurs
  A merfolk (Shoals:4)
  3 ogres
  4 boggarts (Depths:4)
  A big kobold (D:8)
  An orc (Vaults:4)
  A block of ice (Zot:5)
  2 bushes
  12 eldritch tentacle segments (Zot:5)
  44 fungi
  2 lurking horrors (Abyss:3)
  63 plants
  13 starspawn tentacles (Abyss:3)
  91 starspawn tentacle segments (Abyss:3)
  6 tentacles (Shoals:4)
  137 tentacle segments (Shoals:4)
412 creatures vanquished.

Grand Total: 2802 creatures vanquished

Notes
Turn   | Place    | Note
--------------------------------------------------------------
     0 | D:1      | Motquri the Ghoul Monk began the quest for the Orb.
     0 | D:1      | Reached XP level 1. HP: 19/19 MP: 0/0
   373 | D:1      | Reached XP level 2. HP: 20/27 MP: 1/1
   946 | D:1      | Reached XP level 3. HP: 30/34 MP: 2/2
  1222 | D:2      | Reached skill level 5 in Fighting
  1241 | D:2      | Found a blossoming altar of Fedhas.
  1277 | D:2      | Reached XP level 4. HP: 42/42 MP: 3/3
  1456 | D:2      | Found an iron altar of Okawaru.
  1971 | D:3      | Reached XP level 5. HP: 35/50 MP: 4/4
  2059 | D:3      | Found a faded altar to an unknown god.
  2405 | D:3      | Found a stormy altar of Qazlal.
  3084 | D:4      | Reached XP level 6. HP: 40/60 MP: 5/5
  3173 | D:4      | Noticed Eustachio
  3796 | D:4      | Reached skill level 5 in Unarmed Combat
  3820 | D:5      | Entered Level 5 of the Dungeon
  3850 | D:5      | Found a bloodstained altar of Trog.
  3876 | D:5      | Found an oddly glowing altar of Pakellas.
  3928 | D:5      | Found a staircase to the Ecumenical Temple.
  4006 | D:5      | Reached XP level 7. HP: 65/68 MP: 6/6
  4142 | D:6      | Noticed Ratboiler's ghost (novice NaWn)
  4587 | D:6      | Killed Ratboiler's ghost
  4587 | D:6      | Reached skill level 6 in Unarmed Combat
  4587 | D:6      | Reached XP level 8. HP: 35/78 MP: 7/7
  4938 | Temple   | Entered the Ecumenical Temple
  5452 | D:6      | Reached skill level 10 in Fighting
  5589 | D:6      | Found an opulent altar of Gozag.
  5590 | D:6      | Found a glowing silver altar of Zin.
  5812 | D:7      | Noticed Joseph
  5855 | D:7      | Found a snail-covered altar of Cheibriados.
  5858 | D:7      | Found a burning altar of Makhleb.
  5862 | D:7      | Became a worshipper of Makhleb the Destroyer
  5862 | D:7      | Reached * piety under Makhleb
  5862 | D:7      | Reached ** piety under Makhleb
  5906 | D:7      | Reached skill level 7 in Unarmed Combat
  5928 | D:7      | Found a sand-covered staircase.
  5945 | D:7      | Reached skill level 1 in Invocations
  5954 | Ossuary  | Entered an ossuary
  5954 | Ossuary  | Noticed Ratboiler's ghost (amateur NaWn)
  5966 | Ossuary  | Killed Ratboiler's ghost
  6079 | Ossuary  | Reached XP level 9. HP: 63/84 MP: 9/9
  6507 | Ossuary  | Identified a scroll of acquirement
  6518 | Ossuary  | Got a pair of slimy boots
  6529 | Ossuary  | Identified the +1 pair of boots of the Doge {rPois Str-4 Dex+3 Stlth+} (You acquired it in an ossuary)
  6801 | D:7      | Found a shimmering altar of Xom.
  6806 | D:7      | Noticed a purple ugly thing
  6832 | D:6      | Killed a purple ugly thing
  6832 | D:6      | Reached skill level 8 in Unarmed Combat
  7085 | D:7      | Found a white marble altar of Elyvilon.
  7098 | D:7      | Killed Joseph
  7098 | D:7      | Reached *** piety under Makhleb
  7098 | D:7      | Reached skill level 5 in Invocations
  7136 | D:7      | Found a shadowy altar of Dithmenos.
  7223 | D:8      | Found a shattered altar of Ashenzari.
  7387 | D:8      | Reached skill level 1 in Armour
  7542 | D:8      | Reached skill level 9 in Unarmed Combat
  7550 | D:8      | Reached XP level 10. HP: 63/97 MP: 12/12
  7600 | D:8      | Found a staircase to the Lair.
  7751 | D:8      | Noticed Grum
  7794 | D:8      | Killed Grum
  8422 | Lair:1   | Entered Level 1 of the Lair of Beasts
  8648 | Lair:1   | Noticed a spiny frog
  8659 | Lair:1   | Killed a spiny frog
  8796 | Lair:1   | Noticed a four-headed hydra
  8943 | D:9      | Reached skill level 10 in Unarmed Combat
  9083 | D:9      | Reached **** piety under Makhleb
  9169 | D:9      | Found a glowing golden altar of the Shining One.
  9777 | D:10     | Entered Level 10 of the Dungeon
 10028 | D:10     | Reached skill level 5 in Armour
 10268 | D:10     | Reached XP level 11. HP: 102/104 MP: 14/14
 10302 | D:10     | Reached skill level 11 in Unarmed Combat
 10314 | D:10     | Noticed a hill giant
 10487 | D:8      | Killed a four-headed hydra
 10834 | Lair:1   | Noticed a four-headed hydra
 10850 | Lair:1   | Killed a four-headed hydra
 10850 | Lair:1   | Reached skill level 12 in Unarmed Combat
 10992 | Lair:1   | You fall through a shaft!
 11165 | Lair:1   | Reached ***** piety under Makhleb
 11539 | Lair:2   | Found a frozen archway.
 11571 | IceCv    | Entered an ice cave
 12114 | IceCv    | Reached skill level 13 in Unarmed Combat
 13114 | Lair:3   | Noticed Rupert
 13368 | Lair:4   | Noticed a death yak
 13369 | Lair:4   | Noticed a death yak
 13370 | Lair:4   | Noticed a death yak
 13403 | Lair:3   | Noticed a griffon
 13404 | Lair:3   | Found a staircase to the Shoals.
 13406 | Lair:3   | Noticed a manticore
 13424 | Lair:3   | Killed a griffon
 13424 | Lair:3   | Reached XP level 12. HP: 96/113 MP: 12/16
 13560 | Lair:4   | Killed a death yak
 13574 | Lair:4   | Killed a death yak
 13646 | Lair:2   | Killed a death yak
 13769 | Lair:4   | Noticed a four-headed hydra
 13779 | Lair:4   | Killed a four-headed hydra
 13779 | Lair:4   | Reached skill level 14 in Unarmed Combat
 15251 | Lair:5   | Noticed Kirke
 15430 | Lair:4   | Reached ****** piety under Makhleb
 15474 | Lair:5   | Noticed a sphinx
 15581 | Lair:6   | Reached XP level 13. HP: 60/123 MP: 9/18
 15586 | Lair:6   | Reached skill level 15 in Unarmed Combat
 16748 | Lair:7   | Found a staircase to the Slime Pits.
 16749 | Lair:7   | Found a viscous altar of Jiyva.
 16942 | Lair:7   | Learned a level 1 spell: Summon Butterflies
 17109 | Lair:8   | Entered Level 8 of the Lair of Beasts
 17216 | Lair:8   | Reached skill level 15 in Fighting
 17403 | Lair:8   | Noticed Snorg
 17588 | Lair:8   | Reached skill level 16 in Unarmed Combat
 17808 | Lair:8   | Got a steaming dagger
 17814 | Lair:8   | Identified the +1 dagger "Ublejatu" {flame, +Rage +Fly rF+ rC-} (You found it on level 8 of the Lair of Beasts)
 17920 | Lair:8   | Reached XP level 14. HP: 128/135 MP: 16/19
 17987 | Lair:8   | HP: 1/135 [spriggan rider/stone (13)]
 18829 | D:11     | Noticed Dirian's ghost (journeyman MiFi)
 18977 | D:11     | Found a labyrinth entrance.
 18993 | Lab      | Entered a labyrinth
 19114 | Lab      | Upgraded the game from 0.18-a0-1390-gc02854d to 0.18-a0-1396-g8753ca6
 19595 | D:11     | Killed Dirian's ghost
 19881 | D:12     | Noticed Erolcha
 20195 | D:12     | Identified a +4 rod of clouds (9/9) (You found it in a labyrinth)
 20252 | D:12     | Killed Erolcha
 20414 | D:12     | Found a staircase to the Orcish Mines.
 20517 | D:12     | Found Eklitt's Book Boutique.
 21132 | D:5      | Found a radiant altar of Vehumet.
 21134 | D:5      | Found an ancient bone altar of Kikubaaqudgha.
 21134 | D:5      | Found a deep blue altar of Sif Muna.
 21139 | D:5      | Identified Vehumet's Guide on Attacks
 21147 | D:5      | Identified Kikubaaqudgha's Handbook of Necromancy
 21157 | D:5      | Identified Sif Muna's Collected Works on the Traveller
 21774 | D:13     | Reached skill level 17 in Unarmed Combat
 22657 | D:14     | Found a gate to the Vaults.
 23267 | D:15     | Entered Level 15 of the Dungeon
 23366 | Orc:1    | Entered Level 1 of the Orcish Mines
 23565 | D:12     | Reached XP level 15. HP: 99/144 MP: 14/20
 23655 | Orc:2    | Entered Level 2 of the Orcish Mines
 23657 | Orc:2    | Noticed an orc warlord
 23891 | Orc:1    | Reached skill level 10 in Armour
 24003 | Orc:1    | Killed an orc warlord
 24137 | Orc:2    | Found Qeqemopn's Antique Weapon Shoppe.
 24177 | Orc:2    | Found a staircase to the Elven Halls.
 24279 | Orc:2    | Found Xuyta Dyun's Antique Armour Boutique.
 24300 | Orc:2    | Bought an encrusted plate armour for 756 gold pieces
 24360 | Orc:1    | Identified the +2 plate armour "Aviguxu" {Dex+2} (You bought it in a shop on level 2 of the Orcish Mines)
 24439 | Orc:2    | Paralysed by an orc sorcerer for 6 turns
 24514 | Orc:2    | Found Nirex's General Store.
 24681 | Orc:2    | Noticed Maud
 24740 | Orc:2    | Killed Maud
 24855 | Orc:2    | Noticed Azrael
 24897 | Orc:1    | Killed Azrael
 25024 | Orc:2    | Found Kapruwug's Jewellery Shop.
 25285 | Orc:2    | Bought the +3 pair of gauntlets of War {Slay+5} for 855 gold pieces
 25489 | Orc:1    | You fall through a shaft!
 26414 | Lair:5   | Killed Kirke
 26628 | Lair:5   | Found a staircase to the Snake Pit.
 27012 | Snake:1  | Entered Level 1 of the Snake Pit
 27012 | Snake:1  | Found a shadowy altar of Dithmenos.
 27012 | Snake:1  | Noticed Frances
 27091 | Shoals:1 | Entered Level 1 of the Shoals
 27259 | Lair:3   | Reached skill level 18 in Unarmed Combat
 27320 | Shoals:1 | Found Musiycsi's Magic Scroll Shop.
 27538 | Shoals:1 | Found a glowing golden altar of the Shining One.
 27716 | Shoals:1 | Reached XP level 16. HP: 156/156 MP: 21/21
 27742 | Shoals:1 | Noticed Nikola
 27919 | Shoals:1 | Killed Nikola
 28576 | Shoals:1 | Noticed a kraken
 28684 | Shoals:2 | Noticed Louise
 29457 | Snake:1  | Killed Frances
 30113 | Snake:1  | Noticed Aizul
 30128 | Snake:1  | Killed Aizul
 30128 | Snake:1  | Reached skill level 19 in Unarmed Combat
 30491 | Snake:2  | Noticed a greater naga
 30498 | Snake:2  | Killed a greater naga
 30553 | Snake:2  | Noticed a greater naga
 30566 | Snake:2  | Killed a greater naga
 30716 | Snake:2  | Reached XP level 17. HP: 166/166 MP: 11/23
 30875 | Snake:2  | Got a crude hat
 30886 | Snake:2  | Identified the +1 hat of Hangman {rPois Stlth+} (You acquired it on level 2 of the Snake Pit)
 30985 | Snake:2  | Reached skill level 10 in Invocations
 31251 | Snake:3  | Noticed Asterion
 31618 | Snake:3  | Found Jeixoec's Antique Weapon Shop.
 31669 | Snake:3  | Noticed Norris
 31750 | Snake:3  | Found Besmu's Gadget Shop.
 31857 | Snake:3  | Found Tiuf's Antique Weapon Shop.
 31890 | Snake:3  | Found Ympoas's Armour Shoppe.
 32092 | Snake:4  | Entered Level 4 of the Snake Pit
 32221 | Snake:3  | Upgraded the game from 0.18-a0-1396-g8753ca6 to 0.18-a0-1405-g73f4075
 32221 | Snake:3  | Upgraded the game from 0.18-a0-1405-g73f4075 to 0.18-a0-1418-ga86aa8f
 32339 | Snake:4  | Got a wavering crystal amulet
 32341 | Snake:4  | Identified the amulet of Cheibriados's Envy {Dismiss rC+} (You found it on level 4 of the Snake Pit)
 32741 | Snake:4  | Reached skill level 1 in Shields
 33057 | Snake:4  | Reached skill level 15 in Armour
 33299 | Snake:4  | Reached XP level 18. HP: 85/172 MP: 6/26
 33463 | Snake:4  | Got a serpentine rune of Zot
 34137 | Vaults:1 | Entered Level 1 of the Vaults
 34330 | Vaults:1 | Reached skill level 5 in Shields
 34441 | Vaults:1 | Got a slimy lajatang
 34444 | Vaults:1 | Identified the +9 lajatang "Uranyeda" {slice, rPois rF+ rN+ SInv} (You found it on level 1 of the Vaults)
 34567 | Vaults:1 | Noticed Donald
 34637 | Vaults:1 | Killed Donald
 35975 | Vaults:2 | Reached XP level 19. HP: 180/180 MP: 25/28
 36074 | Vaults:2 | Found a magical portal.
 36077 | WizLab   | Entered The Hall of Eqafodu the Hellbinder
 36178 | WizLab   | Reached skill level 10 in Shields
 36819 | WizLab   | Noticed Eqafodu
 36829 | WizLab   | Found a burning altar of Makhleb.
 36839 | WizLab   | Killed Eqafodu the Hellbinder
 36865 | WizLab   | Identified the Compendium of Companions
 37322 | Vaults:2 | HP: 9/180 [stone giant/large rock (39)]
 37531 | Orc:2    | Bought the +2 cloak of Starlight {rElec rC+ EV+4 Stlth--} for 891 gold pieces
 37796 | Shoals:3 | Noticed Mara
 37809 | Shoals:3 | Noticed Motquri's illusion
 38012 | Shoals:2 | Killed Louise
 38119 | Shoals:3 | Reached skill level 15 in Invocations
 38168 | Shoals:3 | Found Mowniuze's Antique Weapon Shoppe.
 38380 | Shoals:4 | Entered Level 4 of the Shoals
 38380 | Shoals:4 | Noticed Tomstefer's ghost (adept MiGl)
 38816 | Shoals:4 | Found Haohijum's Food Emporium.
 38995 | Shoals:4 | Reached XP level 20. HP: 103/189 MP: 30/30
 39087 | Shoals:4 | Got a barnacled rune of Zot
 39182 | Shoals:4 | Killed Tomstefer's ghost
 39211 | Shoals:4 | Noticed Ilsuiw
 39254 | Shoals:4 | Killed Ilsuiw
 40103 | D:15     | Found a staircase to the Depths.
 40175 | D:15     | Found Xynuri's Assorted Antiques.
 40178 | D:15     | Bought a scroll of teleportation for 81 gold pieces
 40741 | D:15     | Found a portal to a secret trove of treasure.
 40948 | Depths:1 | Entered Level 1 of the Depths
 41044 | Depths:1 | Found Komatu's Armour Emporium.
 41064 | Depths:1 | Reached skill level 15 in Shields
 41372 | Depths:1 | Found a gateway to Hell.
 42019 | Depths:2 | Found a one-way gate leading to the halls of Pandemonium.
 42200 | Depths:2 | Noticed a juggernaut
 42528 | Depths:2 | Killed a juggernaut
 42528 | Depths:2 | Reached XP level 21. HP: 187/198 MP: 31/31
 42972 | Depths:2 | Reached skill level 20 in Unarmed Combat
 43188 | Depths:3 | Found a large runed door.
 43203 | Depths:3 | Found a large runed door.
 43370 | Depths:3 | Found a one-way gate to the infinite horrors of the Abyss.
 43469 | Depths:3 | Found a large runed door.
 43597 | Depths:3 | Found a large runed door.
 43601 | Depths:3 | Found a large runed door.
 43618 | Depths:3 | Noticed the Enchantress
 43887 | Depths:4 | Found a gateway to a ziggurat.
 44296 | Depths:4 | Noticed a caustic shrike
 44301 | Depths:4 | Reached skill level 21 in Unarmed Combat
 44312 | Depths:4 | Killed a caustic shrike
 44419 | Zig:1    | Entered Level 1 of a ziggurat
 44428 | Zig:1    | Reached XP level 22. HP: 211/211 MP: 32/32
 44438 | Zig:2    | Entered Level 2 of a ziggurat
 44463 | Zig:2    | Got a faintly glowing trident
 44473 | Zig:2    | Identified the +10 trident of Disembowelment {pierce, MR- Str+7 Dex+7} (You found it on level 2 of a ziggurat)
 44479 | Zig:3    | Entered Level 3 of a ziggurat
 44534 | Zig:4    | Entered Level 4 of a ziggurat
 44549 | Zig:4    | Paralysed by accursed screaming for 1 turns
 44600 | Zig:5    | Entered Level 5 of a ziggurat
 44667 | Zig:6    | Entered Level 6 of a ziggurat
 44798 | Zig:7    | Entered Level 7 of a ziggurat
 44804 | Zig:7    | Noticed a golden dragon
 44825 | Zig:7    | Killed a golden dragon
 44904 | Zig:8    | Entered Level 8 of a ziggurat
 44977 | Zig:8    | Identified Zeatorom's Collected Works on Glacial Bewitchment
 45018 | Zig:9    | Entered Level 9 of a ziggurat
 45041 | Zig:9    | Paralysed by accursed screaming for 2 turns
 45046 | Zig:9    | Paralysed by accursed screaming for 2 turns
 45051 | Depths:4 | Paralysed by accursed screaming for 1 turns
 45058 | Depths:4 | Paralysed by accursed screaming for 1 turns
 45607 | Depths:5 | Entered Level 5 of the Depths
 45685 | Depths:5 | Reached skill level 22 in Unarmed Combat
 46704 | Orc:2    | Bought the ring of Eternity {+Blink rF+ SInv} for 576 gold pieces
 46994 | Vaults:2 | Found a staircase to the Crypt.
 47013 | Vaults:2 | Paralysed by a sphinx for 5 turns
 47059 | Vaults:2 | Reached XP level 23. HP: 222/222 MP: 33/33
 47527 | Lair:6   | Got a pair of warped gloves
 47538 | Lair:6   | Identified the +0 pair of gloves of Freedom {rF+ Str+3 Int+3 Dex-3} (You found it on level 6 of the Lair of Beasts)
 47836 | Orc:2    | Bought the ring of Shaolin {EV+8} for 2048 gold pieces
 47843 | Orc:2    | Reached skill level 5 in Dodging
 47843 | Orc:2    | Reached XP level 24. HP: 230/230 MP: 33/33
 47844 | Orc:2    | Reached XP level 25. HP: 237/237 MP: 33/33
 48348 | Vaults:2 | Got a warped battleaxe
 49222 | Vaults:3 | Got a pitted cloak
 49242 | Vaults:3 | Reached skill level 23 in Unarmed Combat
 49277 | Vaults:3 | Identified the +0 cloak of the Orb {rPois MR+ Int+7} (You acquired it on level 3 of the Vaults)
 49310 | Vaults:3 | Found Volaw's Book Shop.
 51005 | Vaults:5 | Entered Level 5 of the Vaults
 51223 | Vaults:5 | Reached XP level 26. HP: 249/249 MP: 33/33
 51237 | Vaults:5 | Reached skill level 24 in Unarmed Combat
 51254 | Vaults:5 | Cast into level 2 of the Abyss (an ogre mage)
 51290 | Vaults:5 | Escaped the Abyss
 51648 | Vaults:5 | Noticed an ancient lich
 51676 | Vaults:5 | Killed an ancient lich
 51712 | Vaults:5 | Cast into level 3 of the Abyss (a deep elf sorcerer)
 51799 | Abyss:3  | Found a shattered altar of Ashenzari.
 52295 | Abyss:3  | Got an abyssal rune of Zot
 52480 | Vaults:5 | Escaped the Abyss
 52591 | Vaults:5 | Reached skill level 25 in Unarmed Combat
 52899 | Vaults:5 | Reached XP level 27. HP: 254/260 MP: 33/33
 53236 | Vaults:5 | Got a silver rune of Zot
 53281 | Vaults:5 | Identified the Reference Book on Conjuration and the Snowflakes
 53315 | Vaults:5 | Reached skill level 1 in Evocations
 53550 | Orc:2    | Bought a scroll of acquirement for 936 gold pieces
 54071 | Depths:5 | Reached skill level 5 in Evocations
 54098 | Depths:5 | Found a gate to the Realm of Zot.
 54109 | Zot:1    | Entered Level 1 of the Realm of Zot
 54649 | Zot:5    | Entered Level 5 of the Realm of Zot
 54649 | Zot:5    | Noticed an ancient lich
 54649 | Zot:5    | Noticed an orb of fire
 54652 | Zot:5    | Noticed an orb of fire
 54899 | Zot:5    | Noticed an ancient lich
 54924 | Zot:5    | Killed an ancient lich
 54945 | Zot:5    | Noticed an ancient lich
 54954 | Zot:5    | Killed an ancient lich
 55033 | Zot:5    | Noticed an ancient lich
 55052 | Zot:5    | Killed an orb of fire
 55065 | Zot:5    | Killed an orb of fire
 55080 | Zot:5    | Killed an ancient lich
 55168 | Zot:5    | Killed an ancient lich
 55184 | Zot:5    | Noticed an orb of fire
 55214 | Zot:5    | Killed an orb of fire
 55225 | Zot:5    | Reached skill level 26 in Unarmed Combat
 55311 | Zot:5    | Noticed an ancient lich
 55319 | Zot:5    | Killed an ancient lich
 55327 | Zot:5    | Noticed an ancient lich
 55343 | Zot:5    | Killed an ancient lich
 55364 | Zot:5    | Noticed an orb of fire
 55388 | Zot:5    | Killed an orb of fire
 55389 | Zot:5    | Noticed an ancient lich
 55460 | Zot:5    | Noticed an orb of fire
 55476 | Zot:5    | Killed an orb of fire
 55505 | Zot:5    | Noticed an ancient lich
 55517 | Zot:5    | Killed an ancient lich
 55558 | Zot:5    | Killed an ancient lich
 55632 | Zot:5    | Got the Orb of Zot
 55665 | Zot:5    | Noticed Ojoeviw the pandemonium lord
 55692 | Zot:5    | Killed Ojoeviw the pandemonium lord
 56046 | Depths:1 | Noticed Rysomiso the pandemonium lord
 56055 | Depths:1 | Killed Rysomiso the pandemonium lord
 56356 | D:$      | Escaped with the Orb!

Vault maps used:
D:1:      dpeg_arrival_rooms_c
D:2:      lemuel_round_altar, fedhas_altar_2
D:3:      forest_paths, lemuel_doored_altar, ecumenical_altar_2,
          minmay_misc_feat_enclosed
D:4:      first_bread, uniq_eustachio
D:5:      grunt_temple_overflow_magic_moments, overflow_temple_1_default,
          minmay_temple_entry_from_below_a, grunt_pakellas_basics
D:6:      grunt_temple_overflow_gold_and_silver
D:7:      old_forge, nicolae_dithmenos_through_a_glass_darkly,
          grunt_temple_overflow_diamond, basic_altar,
          nicolae_ossuary_entry_ruins, uniq_joseph
D:8:      cheibrodos_ashenzari_chains, david_lair_shrubbed, blue_anna_alchemist,
          uniq_grum
D:9:      nicolae_overflow_crystal_walls, kennysheep_generic_room_2
D:10:     grunt_tough_drop
D:11:     lab_entry_generic
D:12:     orc_0_dummy, serial_shops, nicolae_shop_competitors_out_of_business,
          uniq_erolcha
D:13:     kennysheep_crisscross
D:14:     hangedman_abyss_or_decor_slice
D:15:     grunt_enter_depths_giant_problem, abandoned_shop,
          nicolae_trove_entry_path_of_doom, serial_shops,
          nicolae_shop_behind_doors
Temple:   hc_temple_tempest_star_small
Lair:2:   portal_ice_cave_entry_imps
Lair:3:   minmay_shoals_entry_beasts, uniq_rupert
Lair:4:   minivault_19
Lair:5:   guppyfry_snake_entry_garden, st_stairs_12, uniq_kirke
Lair:6:   minmay_lair_oklob_chamber, lemuel_fruit_tree
Lair:7:   slime_altar_1
Lair:8:   minmay_lair_end_enchanted_forest, pond, uniq_snorg
Shoals:1: serial_shops, nicolae_shop_stone, lemuel_centaur_altar, uniq_nikola
Shoals:2: uniq_louise
Shoals:3: serial_shops, shop, st_shoals_ruin, uniq_mara
Shoals:4: shoals_end_grunt_garden, shoals_ilsuiw_ice, serial_shops, shop,
          nicolae_shoals_hunting_party
Snake:1:  basic_altar, uniq_frances, uniq_aizul
Snake:3:  serial_shops, nicolae_shop_trees, shop, shop, nicolae_shop_waterfront,
          serial_corexii_hall, corexii_hall_statues_i, corexii_hall_statues_x,
          serial_bayou_shore_b, uniq_asterion, uniq_norris
Snake:4:  grunt_snake_rune_serpentine_throne
Orc:2:    grunt_orc_gardens, grunt_orc_garden, grunt_orc_garden,
          grunt_orc_garden, grunt_orc_garden, uniq_azrael, uniq_maud
Vaults:1: nicolae_vaults_branching_niches, dpeg_vaults_monster_row,
          hangedman_vaults_restitches, hangedman_vaults_variations,
          nicolae_vaults_three_branches, vaults_room_grunt_arrival_ludios,
          vaults_dpeg_diagonal, vaults_dpeg_hooks, nicolae_vaults_circle_grid_b,
          v_alt_pattern_5, nicolae_vaults_diagonal_hallway_7,
          nicolae_vaults_shelves_hall, nicolae_vaults_shelves_hall,
          nicolae_vaults_little_squares_4, uniq_donald
Vaults:2: minmay_crypt_entry_simple_plaza, ontoclasm_vaults_shout, v_misc_27,
          nicolae_vaults_rhombus_6, ontoclasm_vaults_idyll,
          hangedman_vaults_snaps, ontoclasm_vaults_fault,
          grunt_vaults_hallway_short, nicolae_vaults_theta,
          hangedman_vaults_nails, v_misc_12, mu_enter_wizlab_7
Vaults:3: nicolae_vaults_puzzle_piece, v_misc_33, v_misc_22,
          nicolae_vaults_murderbox, nicolae_vaults_little_squares_2, v_misc_3,
          nicolae_vaults_what_the_h, v_alt_pattern_2, vaults_dpeg_ring,
          ontoclasm_vaults_shuriken, serial_shops, nicolae_shop_waterfront
Vaults:4: hangedman_vaults_trim, vaults_room_boxed, st_quartered_hall,
          vaults_mumra_hexcomb, vaults_room_stairs_pillars, v_rooms_1,
          vaults_room_fours, hangedman_vaults_slice,
          nicolae_vaults_angled_halls, vaults_room_grid, grunt_vaults_focal,
          ontoclasm_vaults_twist
Depths:1: hangedman_coc_ice_floe, serial_glass, glass_columns_a,
          glass_columns_a, feat_on_display, due_unseen_surprise, serial_shops,
          shop, nicolae_two_hexagons, kennysheep_nub, kennysheep_just_a_vault
Depths:2: hourglass_vault, roderic_ancient_swastika, pf_hell_entry_tar_spiral,
          rand_demon_pan_entry_3, infiniplex_staircase_pool_lava
Depths:3: minmay_five_octagons, hell_entry, rand_demon_pan_entry_9,
          serial_glass, glass_columns_a, glass_columns_c, glass_columns_c,
          glass_columns_b, glass_columns_a, glass_columns_a, glass_columns_a,
          glass_columns_a, glass_columns_a, glass_columns_a,
          kennysheep_pointless_box, hangedman_abyss_entry_splay,
          uniq_enchantress
Depths:4: hangedman_hanging_gardens, enter_ziggurat_d, rand_demon_pan_entry_8,
          abyss_entry, hell_entry, hangedman_decor_riveting,
          minmay_staircase_windowed_small
Depths:5: grunt_zot_entry_alcove, hangedman_decor_peaks_small, lightli_too_deep,
          eino_tiny_chamber
Zot:2:    minmay_elemental_castle
Zot:3:    circus_mu
Abyss:3:  nicolae_abyss_rune_left_handed
Lab:      labyrinth_watery, nicolae_lab_quarters
Ossuary:  ossuary_crypta
IceCv:    ice_cave_statue_garden_02
WizLab:   wizlab_demon

Skill      XL: |  1  2  3  4  5  6  7  8  9 10 11 12 13 14 15 16 17 18 19 20 21 22 23 24 25 26 27 |
---------------+----------------------------------------------------------------------------------+-----
Fighting       | 4 5 7 8 9 10 11 12 14 15 16 17 18 19 20 22 23 24 25 | 25.1
Unarmed Combat | 5 6 7 9 10 13 14 16 17 18 19 21 22 23 25 26 | 26.2
Invocations    | 2 5 6 8 9 13 14 15 | 15.1
Armour         | 1 5 6 7 9 11 13 15 16 18 | 18.0
Shields        | 3 9 13 15 19 | 19.9
Dodging        | 5 7 9 |  9.0
Evocations     | 6 |  6.7
Stealth        | |  2.1

Action                   |  1- 3 |  4- 6 |  7- 9 | 10-12 | 13-15 | 16-18 | 19-21 | 22-24 | 25-27 || total
-------------------------+-------+-------+-------+-------+-------+-------+-------+-------+-------++-------
Melee: Unarmed           |    99 |   288 |   458 |  1082 |  1944 |  1649 |  1858 |   751 |  2630 || 10759
Throw: Stone             |    26 |    10 |       |       |       |       |       |       |       ||    36
Invok: Minor Destruction |       |       |       |    14 |       |       |       |       |       ||    14
       Lesser Servant of |       |       |       |    11 |    21 |     5 |     1 |       |       ||    38
       Major Destruction |       |       |       |    23 |     3 |       |       |     1 |     1 ||    28
       Greater Servant o |       |       |       |       |       |     1 |    15 |     7 |     7 ||    30
 Abil: Evoke Flight      |       |       |       |       |       |     1 |    18 |       |       ||    19
Evoke: Wand              |       |       |       |       |       |       |     1 |       |     1 ||     2
  Use: Scroll            |       |     6 |     8 |    11 |    14 |    12 |     7 |    10 |    23 ||    91
       Potion            |       |       |       |     1 |     3 |     2 |     2 |     5 |     4 ||    17
 Stab: Sleeping          |     2 |       |       |       |       |       |       |       |       ||     2
       Distracted        |       |       |       |       |     3 |     1 |     5 |     4 |       ||    13
  Eat: Chunk             |    12 |    12 |    17 |   101 |   130 |    85 |    86 |    35 |    41 ||   519
       Pizza             |       |       |       |     1 |       |       |       |     1 |     1 ||     3
       Beef jerky        |       |       |       |     1 |       |       |       |       |     1 ||     2
       Royal jelly       |       |       |       |       |     1 |       |       |     3 |       ||     4
